 Dungeon Crawl Stone Soup version 0.27.1-34-g3ba077fa99 (webtiles) character file.

Game seed: 6443296447220452893

31277 Arum the Warrior (level 13, -5/118 HPs)
             Began as a Formicid Fighter on Jan 3, 2022.
             Was an Elder of Qazlal.
             Killed from afar by a gargoyle (20 damage)
             ... with a stone arrow
             ... on level 14 of the Dungeon.
             The game lasted 00:22:57 (14570 turns).

Arum the Warrior (Formicid Fighter)                Turns: 14570, Time: 00:22:57

Health: -5/118     AC: 28    Str: 22    XL:     13   Next: 95%
Magic:  13/13      EV:  7    Int:  8    God:    Qazlal [****..]
Gold:   1456       SH:  0    Dex: 14    Spells: 12/12 levels left

rFire    + + .     SeeInvis +   p - +7 great mace "Firestarter" {inner flame, rF++}
rCold    . . .     Faith    .   c - +0 kite shield
rNeg     . . .     Spirit   .   q - +4 plate armour {rPois}
rPois    +         Reflect  .   (helmet unavailable)
rElec    .         Harm     .   (no cloak)
rCorr    .         Rampage  .   x - +0 pair of gloves
Will     +....                  h - +0 pair of boots
Stlth    ..........             (no amulet)
HPRegen  0.29/turn              i - ring of flight
MPRegen  0.13/turn              f - +4 ring of protection

@: confused, ambrosia-drunk, flying, studying Fighting, repel missiles
A: permanent stasis, dig shafts and tunnels, antennae 3, four strong arms
a: Dig, Shaft Self, Renounce Religion, Upheaval, Elemental Force


You were on level 14 of the Dungeon.
You worshipped Qazlal.
Qazlal was greatly pleased with you.
You visited 1 branch of the dungeon, and saw 14 of its levels.

You collected 1524 gold pieces.
You spent 68 gold pieces at shops.

Inventory:

Hand Weapons
 a - a +1 flail of venom
 g - a +1 dire flail of protection
 p - the +7 great mace "Firestarter" (weapon) {inner flame, rF++}
   (You found it on level 4 of the Dungeon)

   It burns those it strikes, dealing additional fire damage.
   It fills those it strikes with an explosive inner flame.
   It grants immunity to clouds of flame.
   rF:        It greatly protects you from fire.
 t - a +1 morningstar of holy wrath
 u - the +5 mace "Unwaxt" {antimagic, rC+ Str+4 Int-2 Dex+8}
   (You found it on level 6 of the Dungeon)

   It reduces the magical energy of the wielder, and disrupts the spells and
   magical abilities of those it strikes.
   Natural abilities and divine invocations are not affected.
   Str:       It affects your strength (+4).
   Int:       It affects your intelligence (-2).
   Dex:       It affects your dexterity (+8).
   rC:        It protects you from cold.
Missiles
 n - a throwing net
Armour
 c - a +0 kite shield (worn)
 h - a +0 pair of boots (worn)
 q - a +4 plate armour of poison resistance (worn)
 x - a +0 pair of gloves (worn)
Jewellery
 f - a +4 ring of protection (right hand)
 i - a ring of flight (left hand)
 o - a ring of protection from cold
 F - a ring of fire
Wands
 A - a wand of acid (15)
 B - a wand of flame (13)
 C - a wand of mindburst (5)
Scrolls
 j - 5 scrolls of identify
 s - 4 scrolls of fog
 w - a scroll of amnesia
 y - a scroll of immolation
 z - 2 scrolls of enchant armour
 D - a scroll of enchant weapon
Potions
 b - 2 potions of degeneration
 d - 5 potions of might
 e - 3 potions of magic
 k - 2 potions of brilliance
 l - a potion of resistance
 m - 2 potions of ambrosia
 v - a potion of cancellation


   Skills:
 + Level 16.2 Fighting
 + Level 13.1 Maces & Flails
 - Level 15.0 Armour
 - Level 9.0 Shields


You had 12 spell levels left.
You didn't know any spells.
Your spell library contained the following spells:

 Spells                   Type           Power      Damage    Failure   Level
 Magic Dart               Conj           0%         1d3       99%         1
 Summon Small Mammal      Summ           0%         N/A       99%         1
 Searing Ray              Conj           0%         3d3       99%         2
 Slow                     Hex            0%         N/A       99%         2
 Sublimation of Blood     Necr           0%         N/A       99%         2
 Wereblood                Tmut           0%         N/A       99%         2
 Call Canine Familiar     Summ           0%         N/A       100%        3
 Confusing Touch          Hex            0%         N/A       100%        3
 Gell's Gravitas          Tloc           0%         N/A       100%        3
 Ozocubu's Armour         Ice            0%         N/A       100%        3
 Summon Guardian Golem    Hex/Summ       0%         N/A       100%        3
 Teleport Other           Tloc           0%         N/A       100%        3
 Fulminant Prism          Conj/Hex       0%         3d6       100%        4
 Metabolic Englaciation   Hex/Ice        0%         N/A       100%        5
 Yara's Violent Unravell  Hex/Tmut       0%         3d3       100%        5
 Dispersal                Tloc           0%         N/A       100%        6
 Simulacrum               Ice/Necr       0%         N/A       100%        6
 Summon Hydra             Summ           0%         N/A       100%        7


Dungeon Overview and Level Annotations

Branches:
Dungeon (14/15)            Temple (0/1) D:5            Lair (0/6) D:10
    Orc (0/2) D:12         Vaults (0/5) D:13

Altars:
Cheibriados
Dithmenos
Gozag
Hepliaklqana
Kikubaaqudgha
Makhleb
Qazlal
Ru
Xom
Zin

Shops:
D:1 *   D:7 *(   D:9 *(

Annotations:
D:4 2 runed translucent doors


Innate Abilities, Weirdness & Mutations

You cannot be hasted, slowed, berserked, paralysed or teleported.
You can dig through walls and to a lower floor.
You have a pair of large antennae on your head. (SInv)
Your four strong arms can wield two-handed weapons with a shield.


Message History

The centaur warrior is engulfed in blazing flames.
The centaur warrior shoots an arrow.
You block the arrow.
The centaur warrior is engulfed in blazing flames.
You kill the centaur warrior!
Qazlal accepts your kill.
A cyclops comes into view.
Unknown command.
The cyclops is engulfed in blazing flames.
You feel much better.
The cyclops is engulfed in blazing flames.
The cyclops hits you but does no damage.
You hit the cyclops. You burn the cyclops.
The cyclops is filled with an inner flame.
The cyclops is almost dead.
The cyclops is engulfed in blazing flames.
Qazlal accepts your kill.
The cyclops explodes!
The fiery explosion engulfs you! You resist.
* * * LOW HITPOINT WARNING * * *
You hear a roar! x2; You hear a shout!
Unknown command.
Unknown command.
The gargoyle hurls a stone arrow at you.
The stone arrow hits you!!
* * * LOW HITPOINT WARNING * * *
There is an open door, spattered with blood here.
Things that are here:
5 large rocks; an ugly thing corpse Unknown command.
You are no longer corroded.
The gargoyle hurls a stone arrow at you.
You block the stone arrow.
Unknown command.
You are confused.
You feel invigorated.
The gargoyle hits you but does no damage.
The gargoyle hits you but does no damage.
The gargoyle hurls a stone arrow at you.
The stone arrow hits you!!
You die...

.......># { ........#
...<....# ###
........####.##
..#####.).)...# { {
#.).....##{ { #.......○##
#.........## #......○9@)#
#......§##○# #.......##.#
#.....).##.######......##
##########.....##........
#.....##......#
#####.....##......#
#≈≈≈≈≈≈≈####......#
≈≈≈≈≈≈≈≈≈≈≈##......#


You could see a gargoyle.

Vanquished Creatures
  A boulder beetle (D:14)
  4 centaur warriors
  3 hydras
  An ogre mage (D:13)
  A death knight (D:14)
  4 two-headed ogres
  2 skeletal warriors
  A deep elf archer (D:13)
  4 deep elf zephyrmancers (D:13)
  4 ugly things
  2 deep elf pyromancers
  2 manticores
  2 cyclopes
  A gargoyle (D:10)
  An unseen horror (D:8)
  4 centaur skeletons (D:13)
  An efreet (D:14)
  3 komodo dragons
  2 freezing wraiths (D:14)
  5 trolls (D:11)
  A hornet (D:8)
  3 slime creatures (D:12)
  A water elemental (D:14)
  A wraith (D:14)
  A shadow (D:11)
  A basilisk (D:10)
  2 wyverns (D:10)
  15 yaks
  10 vampire mosquitoes
  A water moccasin (shapeshifter) (D:14)
  2 acid dragons
  3 water moccasins
  A swamp drake (D:10)
  2 orc warriors
  A necrophage (D:3)
  6 ogres
  9 centaurs
  A phantom (D:5)
  2 kobold brigands
  4 bullfrogs
  A wyvern zombie (D:8)
  A gnoll sergeant (D:10)
  A scorpion (D:4)
  5 killer bees (D:11)
  5 wights (D:10)
  4 howler monkeys
  5 electric eels
  7 centaur zombies
  8 hounds
  3 jellies
  2 bullfrog skeletons
  5 orc priests
  Jessica (D:3)
  An iguana (D:5)
  10 orc wizards
  Natasha (D:4)
  3 scorpion zombies (D:5)
  4 hound skeletons
  2 howler monkey zombies (D:9)
  7 gnolls
  9 adders
  5 white imps
  An adder skeleton (D:2)
  3 worms
  2 dart slugs
  40 orcs
  14 ball pythons
  6 bats
  6 endoplasms
  14 giant cockroaches
  15 goblins
  5 hobgoblins
  8 jackals
  17 kobolds
  5 quokkas
  3 frilled lizards
  A jackal skeleton (D:4)
  3 rats (D:2)
348 creatures vanquished.

Vanquished Creatures (others)
  24 plants (D:6)
24 creatures vanquished.

Grand Total: 372 creatures vanquished

Notes
Turn   | Place    | Note
-------+----------+-------------------------------------------
     0 | D:1      | Arum the Formicid Fighter began the quest for the Orb.
     0 | D:1      | Reached XP level 1. HP: 18/18 MP: 1/1
    79 | D:1      | Reached XP level 2. HP: 10/24 MP: 2/2
   286 | D:1      | Found Pulem's Assorted Antiques.
   476 | D:1      | Reached XP level 3. HP: 28/29 MP: 3/3
   730 | D:1      | Found a faded altar of an unknown god.
  1558 | D:2      | Reached XP level 4. HP: 32/37 MP: 4/4
  1850 | D:3      | Noticed Jessica
  1854 | D:3      | Killed Jessica
  1855 | D:3      | Reached skill level 4 in Fighting
  1855 | D:3      | Reached XP level 5. HP: 42/42 MP: 5/5
  1895 | D:3      | Noticed a necrophage
  1922 | D:3      | Killed a necrophage
  1923 | D:3      | Reached XP level 6. HP: 41/49 MP: 6/6
  2053 | D:3      | Reached skill level 5 in Shields
  2738 | D:4      | Found a snail-covered altar of Cheibriados.
  2843 | D:4      | Noticed a water moccasin
  2863 | D:4      | Killed a water moccasin
  2864 | D:4      | Reached skill level 5 in Fighting
  2864 | D:4      | Reached skill level 5 in Armour
  2864 | D:4      | Reached XP level 7. HP: 16/56 MP: 7/7
  2958 | D:4      | Noticed Natasha
  2963 | D:4      | Killed Natasha
  3172 | D:4      | Found a hazy altar of Hepliaklqana.
  3495 | D:4      | Found a large runed translucent door.
  3496 | D:4      | Found a large runed translucent door.
  3499 | D:4      | Noticed a yak
  3501 | D:4      | Found the +7 great mace "Firestarter" {inner flame, rF++}
  3525 | D:4      | Killed a yak
  3526 | D:4      | Reached XP level 8. HP: 63/63 MP: 8/8
  3536 | D:4      | Found a large runed translucent door.
  3536 | D:4      | Found a large runed translucent door.
  4094 | D:4      | Noticed a yak
  4103 | D:4      | Killed a yak
  4104 | D:4      | Reached skill level 6 in Fighting
  4235 | D:4      | Reached skill level 5 in Maces & Flails
  4373 | D:5      | Entered Level 5 of the Dungeon
  4439 | D:5      | Found a stormy altar of Qazlal.
  4469 | D:5      | Became a worshipper of Qazlal Stormbringer
  4482 | D:5      | Reached XP level 9. HP: 59/71 MP: 9/9
  4572 | D:5      | Found an opulent altar of Gozag.
  4692 | D:5      | Found a staircase to the Ecumenical Temple.
  4739 | D:5      | Found an ancient bone altar of Kikubaaqudgha.
  4750 | D:5      | Found a glowing silver altar of Zin.
  5229 | D:6      | Reached skill level 7 in Fighting
  5738 | D:6      | Identified the +5 mace "Unwaxt" {antimagic, rC+ Str+4 Int-2
                  | Dex+8}
  6489 | D:7      | Identified a scroll of acquirement
  6489 | D:7      | Acquired a manual of Armour
  6537 | D:7      | Found Sienao's Lightly-Used Armoury.
  6608 | D:7      | Found Tifikh Qetwa's Weapon Shoppe.
  6690 | D:7      | Found a shadowy altar of Dithmenos.
  6690 | D:7      | Noticed a four-headed hydra
  6696 | D:7      | Killed a four-headed hydra
  6697 | D:7      | Reached skill level 8 in Fighting
  6697 | D:7      | Reached XP level 10. HP: 57/80 MP: 10/10
  6855 | D:7      | Reached * piety under Qazlal
  7510 | D:8      | Noticed an unseen horror
  7521 | D:8      | Killed an unseen horror
  7922 | D:9      | Noticed a deep elf pyromancer
  7932 | D:9      | Killed a deep elf pyromancer
  7933 | D:9      | Reached skill level 9 in Fighting
  7933 | D:9      | Reached skill level 10 in Armour
  7951 | D:9      | Reached ** piety under Qazlal
  8028 | D:9      | Found Sosurumenn's Weapon Shoppe.
  8298 | D:9      | Found Vazxalu's Assorted Antiques.
  8306 | D:9      | Bought a scroll of identify for 68 gold pieces
  8382 | D:10     | Entered Level 10 of the Dungeon
  8476 | D:10     | Noticed a gargoyle
  8486 | D:10     | Killed a gargoyle
  8622 | D:10     | Reached XP level 11. HP: 76/89 MP: 11/11
  8686 | D:10     | Found a staircase to the Lair.
  9006 | D:10     | Reached skill level 10 in Fighting
  9869 | D:11     | Noticed a seven-headed hydra
  9885 | D:11     | Killed a seven-headed hydra
  9885 | D:11     | Reached *** piety under Qazlal
 10219 | D:11     | Noticed a two-headed ogre
 10223 | D:11     | Noticed a two-headed ogre
 10234 | D:11     | Killed a two-headed ogre
 10243 | D:11     | Killed a two-headed ogre
 10244 | D:11     | Reached skill level 11 in Fighting
 10244 | D:11     | Reached skill level 10 in Maces & Flails
 10517 | D:11     | Reached XP level 12. HP: 100/100 MP: 12/12
 11542 | D:12     | Found a staircase to the Orcish Mines.
 11660 | D:12     | Noticed a seven-headed hydra
 11670 | D:12     | Killed a seven-headed hydra
 11931 | D:12     | Found a sparkling altar of Nemelex Xobeh.
 11933 | D:12     | Found a sacrificial altar of Ru.
 11933 | D:12     | Found a burning altar of Makhleb.
 11935 | D:12     | Found a sacrificial altar of Ru.
 11935 | D:12     | Found a hazy altar of Hepliaklqana.
 11935 | D:12     | Found a shimmering altar of Xom.
 11972 | D:12     | You are sucked into a shaft and drop 1 floor!
 12012 | D:13     | Reached skill level 12 in Fighting
 12063 | D:13     | Noticed a centaur warrior
 12069 | D:13     | Killed a centaur warrior
 12074 | D:13     | Reached **** piety under Qazlal
 12178 | D:13     | Acquired 741 gold pieces
 12214 | D:13     | Noticed a centaur warrior
 12215 | D:13     | Noticed a skeletal warrior
 12220 | D:13     | Killed a centaur warrior
 12221 | D:13     | Reached skill level 15 in Armour
 12225 | D:13     | Noticed a two-headed ogre
 12226 | D:13     | Noticed an ogre mage
 12245 | D:13     | Killed a skeletal warrior
 12246 | D:13     | Reached XP level 13. HP: 63/109 MP: 13/13
 12250 | D:13     | Reached skill level 13 in Fighting
 12250 | D:13     | Killed an ogre mage
 12252 | D:13     | HP: 1/111 [deep elf zephyrmancer/bolt of lightning (22)]
 12279 | D:13     | Reached skill level 14 in Fighting
 12885 | D:13     | Found a gate to the Vaults.
 13659 | D:12     | Reached skill level 15 in Fighting
 14459 | D:14     | Noticed a boulder beetle
 14470 | D:14     | Killed a boulder beetle
 14509 | D:14     | Noticed a centaur warrior
 14527 | D:14     | Killed a centaur warrior
 14550 | D:14     | Noticed a centaur warrior
 14560 | D:14     | Reached skill level 16 in Fighting
 14561 | D:14     | Killed a centaur warrior
 14566 | D:14     | HP: 5/118 [gargoyle/stone arrow (22)]
 14570 | D:14     | Killed from afar by a gargoyle

Illustrated notes

Levels and vault maps discovered:
D:1:      dpeg_arrival_windows_large_door, layout_basic,
          ebering_ecumenical_altar_rust, serial_shops,
          nicolae_shop_temple_entry_statues_fountains
D:2:      layout_basic
D:3:      minmay_roachtagon, layout_basic, grunt_ministairs_2, st_stairs_13,
          minmay_fractal_squares_5, uniq_jessica
D:4:      wander_river, layout_loops_corners, mainiacjoe_overflow_paths,
          slow_altar_2, minivault_5, minmay_hollow_rounded_squares, uniq_natasha
D:5:      layout_gridville, grunt_gozag_breadcrumbs,
          mainiacjoe_overflow_chevrons, mainiacjoe_overflow_large_starburst,
          minmay_temple_entry_gardened_gates, chequers_serial_rivers_large_b,
          st_stairs_10, dk_noncrumbling_4, minmay_misc_feat_alley
D:6:      layout_loops_cross, serial_bayou_lake_a
D:7:      layout_gridville, mainiacjoe_overflow_cross_hatched, serial_shops,
          nicolae_square_shop, hangedman_abyss_or_decor_slice,
          minmay_shop_damaged
D:8:      layout_basic
D:9:      layout_basic, serial_shops, kennysheep_little_box, shop
D:10:     layout_gridville, erik_lair_dragon
D:11:     minmay_angry_zag, layout_basic, minmay_misc_feat_square
D:12:     layout_irregular_city, david_orc_3, doesnt_xom_only_xom
D:13:     layout_basic, hangedman_vaults_entry_quadrant_bands
D:14:     layout_basic, nicolae_twisting_strands, kennysheep_kite_vault

Skill      XL: |  1  2  3  4  5  6  7  8  9 10 11 12 13 |
---------------+----------------------------------------+-----
Shields        | 4 5 6 7 9 |  9.0
Armour         | 4 5 6 8 10 13 15 | 15.0
Fighting       | 4 5 6 8 9 11 12 16 | 16.2
Maces & Flails | 3 4 5 7 8 10 11 13 | 13.1

Action                   |  1- 3 |  4- 6 |  7- 9 | 10-12 | 13-15 || total
-------------------------+-------+-------+-------+-------+-------++-------
Melee: Flail             |   109 |   163 |   211 |   430 |    45 ||   958
       Mace              |       |       |    56 |       |       ||    56
       Great mace        |       |       |     3 |    38 |    66 ||   107
       Morningstar       |       |       |       |    12 |     4 ||    16
 Abil: Dig               |       |       |       |       |     3 ||     3
Evoke: Wand              |       |       |       |     4 |     4 ||     8
  Use: Scroll            |       |     6 |     8 |     4 |       ||    18
       Potion            |       |     1 |       |     1 |     7 ||     9
Armor: Scale mail        |    36 |    73 |   111 |       |       ||   220
       Skin              |       |     2 |       |       |       ||     2
       Plate armour      |       |       |       |   281 |    60 ||   341
Dodge: Dodged            |    34 |    48 |    78 |   119 |    17 ||   296
Block: Kite shield       |    64 |    87 |   159 |   413 |    86 ||   809
